Map: Blackrock LE

Players

NiCe

  • Race: Protoss Protoss
  • League: Master

SortOf - Winner!

  • Race: Zerg Zerg
  • League: Grandmaster

VOD

Have the link to the VOD?

Description

Time

  • Played on: Aug. 16, 2026, 5 a.m.
  • Length: 13:19
Show
View Real Time Build Order
Export as new Build Order

NiCe Protoss 

Build Orders: Oracle Opening, Archon Immortal 

Get SALT Encoding   

  8  0:00  Probe  
  9  0:12  Probe  
  10  0:24  Probe  
  11  0:32  Pylon  
  11  0:36  Probe  
  12  0:48  Probe (Chrono Boost)  
  13  0:55  Gateway  
  13  1:00  Probe (Chrono Boost)  
  14  1:07  Probe (Chrono Boost)  
  14  1:09  Assimilator  
  15  1:15  Probe  
  16  1:27  Probe  
  17  1:39  Probe  
  18  1:51  Probe  
  19  1:59  Nexus  
  19  2:03  Cybernetics Core  
  19  2:09  Assimilator  
  19  2:10  Probe  
  20  2:19  Pylon  
  20  2:23  Probe (Chrono Boost)  
  21  2:37  Probe (Chrono Boost)  
  21  2:38  Stalker (Chrono Boost)  
  24  2:45  Probe  
  25  2:57  Probe  
  26  3:00  Stargate  
  26  3:10  Probe x2 (Chrono Boost)  
  26  3:12  Warp Gate  
  28  3:15  Adept  
  28  3:19  Probe (Chrono Boost)  
  31  3:21  Probe (Chrono Boost)  
  31  3:24  Probe (Chrono Boost)  
  33  3:29  Probe  
  34  3:36  Gateway, Probe  
  34  3:41  Probe  
  35  3:48  Oracle (Chrono Boost)  
  35  3:53  Adept  
  40  3:56  Probe x2, Pylon  
  42  4:11  Pylon  
  42  4:14  Probe x2  
  44  4:23  Oracle (Chrono Boost)  
  47  4:26  Probe x2  
  47  4:29  Pylon  
  49  4:47  Probe x2  
  49  4:50  Pylon  
  49  4:52  Nexus  
  51  4:53  Void Ray (Chrono Boost)  
  51  4:59  Probe  
  57  5:00  Probe  
  57  5:11  Probe  
  57  5:12  Probe, Assimilator x2  
  59  5:15  Shield Battery  
  59  5:24  Probe x2  
  59  5:36  Probe x2  
  59  5:37  Nexus  
  59  5:38  Zealot  
  59  5:39  Adept  
  59  5:41  Void Ray  
  69  5:48  Probe (Chrono Boost)  
  71  5:50  Probe (Chrono Boost)  
  71  5:52  Robotics Facility  
  71  5:55  Pylon  
  71  5:59  Forge  
  71  6:00  Probe (Chrono Boost)  
  73  6:05  Probe (Chrono Boost)  
  73  6:06  Probe (Chrono Boost)  
  71  6:12  Probe  
  71  6:14  Probe  
  71  6:16  Pylon  
  69  6:20  Twilight Council  
  69  6:22  Gateway  
  69  6:24  Void Ray, Probe, Gateway  
  74  6:26  Probe (Chrono Boost)  
  74  6:30  Zealot  
  74  6:31  Zealot  
  79  6:36  Probe (Chrono Boost)  
  79  6:37  Protoss Ground Weapons Level 1  
  79  6:38  Probe (Chrono Boost)  
  81  6:46  Probe (Chrono Boost)  
  83  6:47  Probe (Chrono Boost)  
  83  6:54  Probe x2  
  83  6:56  Probe  
  83  6:57  Charge (Chrono Boost)  
  83  6:58  Assimilator  
  83  6:59  Templar Archives  
  83  7:00  Assimilator, Pylon  
  86  7:03  Zealot  
  86  7:05  Observer  
  86  7:06  Probe  
  90  7:09  Probe x2  
  92  7:16  Gateway  
  92  7:18  Gateway  
  92  7:23  Probe x2  
  92  7:24  Probe  
  92  7:25  Gateway  
  92  7:29  Gateway  
  95  7:31  Immortal (Chrono Boost)  
  95  7:35  Probe  
  100  7:41  High Templar x2  
  100  7:42  Zealot  
  106  7:54  Archon  
  106  7:59  Gateway  
  106  8:01  Gateway  
  106  8:02  Pylon  
  106  8:03  Immortal (Chrono Boost)  
  106  8:04  Pylon  
  106  8:06  Pylon  
  110  8:18  Pylon x2  
  110  8:20  Pylon  
  110  8:21  High Templar x2  
  110  8:22  Zealot x2, Pylon  
  110  8:24  Nexus  
  110  8:26  Archon  
  118  8:30  Probe  
  118  8:31  Probe x2  
  118  8:34  Pylon  
  121  8:36  Pylon  
  121  8:37  Photon Cannon  
  121  8:38  Photon Cannon  
  121  8:40  Pylon  
  121  8:45  Immortal (Chrono Boost)  
  121  8:47  High Templar x2  
  129  8:49  Sentry x2  
  129  8:52  Archon  
  129  8:55  Sentry, Zealot  
  137  9:05  Zealot x2  
  137  9:22  Warp Prism (Chrono Boost)  
  137  9:23  Zealot x6  
  132  9:36  Protoss Ground Weapons Level 2 (Chrono Boost)  
  132  9:41  High Templar x2  
  132  9:42  Zealot  
  132  9:44  Immortal (Chrono Boost)  
  132  9:45  Photon Cannon  
  142  9:46  Photon Cannon, Archon, Shield Battery  
  142  9:48  Pylon  
  142  9:52  High Templar x2  
  144  9:53  Zealot x4  
  144  9:57  Archon  
  154  10:00  Pylon  
  154  10:02  Pylon  
  154  10:04  Pylon  
  154  10:16  Zealot x4  
  154  10:17  Immortal (Chrono Boost)  
  166  10:33  Zealot x5  
  164  10:47  Immortal (Chrono Boost)  
  148  10:54  High Templar x4  
  148  10:55  Zealot x5  
  162  10:58  Archon  
  162  11:03  Robotics Facility  
  162  11:04  Archon, Pylon  
  158  11:06  Pylon  
  158  11:10  Gateway  
  158  11:13  Assimilator, Gateway  
  158  11:14  Pylon  
  158  11:15  Assimilator  
  158  11:19  Observer  
  158  11:22  Zealot x4  
  158  11:23  Zealot  
  151  11:30  Zealot x4  
  142  11:38  Immortal (Chrono Boost), Probe x2  
  146  11:49  High Templar  
  146  11:50  High Templar x3, Zealot  
  156  11:55  Immortal, Archon  
  156  11:58  Archon  
  160  12:02  Pylon  
  160  12:11  Immortal  
  160  12:15  Zealot x8  
  180  12:17  Pylon  
  174  12:31  Zealot x4  
  149  12:45  Zealot x2  
  149  12:46  Zealot x6  
  107  12:59  Zealot x4  
Show
View Real Time Build Order
Export as new Build Order

SortOf Zerg - Winner!

Build Orders: Hatch First, Lurkers, Roach Hydra 

Get SALT Encoding   

  8  0:01  Drone  
  9  0:11  Drone  
  10  0:16  Drone  
  11  0:22  Drone  
  12  0:32  Overlord  
  12  0:51  Drone  
  13  0:58  Drone x2  
  13  1:02  Drone  
  16  1:15  Hatchery  
  16  1:18  Drone  
  16  1:23  Drone  
  17  1:31  Drone  
  18  1:37  Extractor  
  17  1:41  Spawning Pool  
  17  1:44  Drone  
  17  1:51  Drone  
  18  2:01  Drone  
  19  2:11  Overlord  
  19  2:20  Drone  
  20  2:27  Drone, Queen  
  20  2:29  Queen  
  25  2:30  Zergling x2  
  26  2:38  Drone  
  26  2:40  Overlord  
  27  2:44  Metabolic Boost  
  27  2:48  Drone  
  27  2:51  Zergling x2  
  30  2:58  Drone  
  30  3:02  Zergling x2  
  31  3:06  Drone  
  31  3:12  Drone  
  33  3:16  Hatchery  
  33  3:17  Drone  
  33  3:21  Drone  
  33  3:27  Queen  
  34  3:32  Overlord  
  36  3:36  Drone x2  
  36  3:40  Drone x2  
  40  3:49  Overlord  
  40  3:50  Queen  
  40  3:52  Zergling x2  
  40  3:53  Zergling x2  
  44  3:58  Drone x2  
  44  4:01  Spore Crawler  
  45  4:06  Queen  
  45  4:09  Drone  
  48  4:10  Drone  
  49  4:19  Drone x4  
  53  4:27  Zergling x4  
  55  4:31  Roach Warren  
  55  4:34  Spore Crawler, Zergling x6  
  55  4:42  Zergling x8  
  59  4:53  Overlord  
  59  4:55  Lair, Overlord  
  59  4:57  Extractor  
  59  4:59  Spore Crawler  
  57  5:00  Zergling x4  
  57  5:05  Zergling x6  
  59  5:11  Overlord  
  59  5:12  Drone x3  
  62  5:15  Drone  
  62  5:21  Drone x4  
  67  5:26  Drone  
  67  5:28  Drone  
  67  5:35  Drone x6  
  70  5:41  Overlord  
  70  5:43  Evolution Chamber  
  69  5:50  Drone x7  
  69  5:54  Extractor  
  69  5:56  Hydralisk Den  
  74  5:58  Drone x2  
  74  6:03  Extractor  
  73  6:11  Drone x9  
  77  6:18  Glial Reconstitution  
  75  6:19  Zerg Missile Weapons Level 1  
  75  6:21  Drone x5  
  75  6:22  Extractor  
  79  6:29  Overlord, Drone  
  79  6:32  Extractor  
  79  6:33  Muscular Augments  
  79  6:35  Overlord  
  79  6:36  Hydralisk x2  
  83  6:40  Overlord  
  81  6:50  Hatchery  
  81  6:51  Drone x2  
  81  6:52  Hydralisk  
  81  6:54  Overseer  
  84  6:55  Hydralisk  
  87  7:03  Hatchery  
  87  7:05  Hydralisk x4  
  94  7:14  Hydralisk x3  
  99  7:23  Drone x8  
  99  7:25  Infestation Pit  
  105  7:33  Hydralisk  
  105  7:35  Overlord x4  
  107  7:37  Grooved Spines  
  107  7:43  Overlord  
  106  7:46  Overlord  
  106  7:48  Drone, Overlord  
  107  7:55  Drone x4  
  111  8:01  Hydralisk x5  
  111  8:05  Hive  
  121  8:09  Drone x4  
  125  8:16  Lurker Den  
  124  8:21  Hydralisk x4  
  124  8:24  Overlord  
  124  8:25  Extractor x2  
  129  8:30  Drone x3  
  131  8:36  Roach x6, Overseer  
  131  8:39  Zerg Melee Weapons Level 1  
  143  8:42  Drone x3  
  143  8:43  Drone  
  143  8:44  Drone x2  
  143  8:45  Drone  
  150  8:49  Zergling x6  
  150  8:54  Zergling x14  
  160  9:00  Overlord x4  
  160  9:05  Zergling x8  
  164  9:13  Roach x4  
  163  9:20  Hydralisk x4  
  163  9:22  Hydralisk x2  
  161  9:25  Seismic Spines, Adrenal Glands  
  161  9:29  Hydralisk x2  
  155  9:35  Hatchery  
  155  9:36  Zergling x6  
  157  9:39  Lurker x2  
  157  9:42  Drone  
  157  9:43  Drone x2  
  157  9:45  Spine Crawler  
  161  9:46  Hydralisk x2  
  161  9:48  Lurker  
  161  9:49  Lurker  
  161  9:50  Zergling x4  
  169  9:55  Zergling x14  
  176  10:01  Zergling x12  
  176  10:03  Lurker  
  176  10:04  Lurker  
  176  10:07  Lurker x2  
  181  10:08  Zergling x8  
  186  10:14  Lurker  
  186  10:18  Zergling x16  
  195  10:27  Zergling x8  
  195  10:36  Hydralisk x2  
  195  10:37  Extractor  
  195  10:39  Extractor  
  195  10:41  Hydralisk x2  
  189  10:46  Hydralisk x5  
  189  10:48  Zerg Missile Weapons Level 2  
  194  10:50  Adaptive Talons  
  194  10:51  Evolution Chamber  
  194  10:52  Hydralisk  
  189  10:58  Overlord  
  189  10:59  Drone x8  
  194  11:06  Spore Crawler, Spine Crawler  
  194  11:09  Drone  
  194  11:10  Overlord x2  
  193  11:17  Zergling x12  
  199  11:19  Pneumatized Carapace, Overseer  
  199  11:20  Overseer  
  199  11:24  Hydralisk x3  
  199  11:25  Hydralisk  
  179  11:28  Hydralisk  
  179  11:29  Zergling x2  
  156  11:37  Lurker x5  
  156  11:39  Hydralisk x2  
  164  11:40  Zergling x2  
  164  11:42  Hydralisk  
  164  11:43  Hydralisk  
  161  11:50  Drone x3  
  161  11:52  Hydralisk x3  
  161  11:53  Unknown  
  170  11:55  Lurker  
  170  11:59  Hydralisk x3  
  177  12:13  Hydralisk x5  
  187  12:19  Zergling x10  
  187  12:22  Hydralisk x2  
  187  12:29  Hydralisk x3  
  195  12:30  Hydralisk  
  195  12:35  Hydralisk  
  199  12:42  Hydralisk x5  
  189  12:49  Hydralisk x4  
  154  12:53  Hydralisk x2  
Tags
 
Add a new tag
Caveats
  • Supply blocks, unpowered buildings, or Contaminate may cause inaccurate times.
  • Supply counts are checked every 10 seconds.